 Dungeon Sprint DCSS version 0.17-a0-1831-gaadb308 (webtiles) character file.

2147 Kidiri the Covert (level 9, -2/39 HPs)
             Began as a Spriggan Enchanter on Sept 14, 2015.
             Was an Initiate of Dithmenos.
             Slain by a tentacle (24 damage)
             ... attached to a kraken
             ... in the Dungeon (Sprint II: "The Violet Keep of Menkaure").
             The game lasted 00:09:48 (1082 turns).

Kidiri the Covert (Spriggan Enchanter)              Turns: 1082, Time: 00:09:48

Health: -2/39      AC:  4    Str:  4    XL:     9   Next: 9%
Magic:  8/23       EV: 30    Int: 21    God:    Dithmenos [......]
Gold:   138        SH:  0    Dex: 18    Spells: 9 memorised, 0 levels left

rFire  . . .     SeeInvis +     a - +1 dagger
rCold  . . .     Clarity  .     b - +2 robe
rNeg   . . .     SustAt   .     (shield restricted)
rPois  .         Gourm    .     (helmet restricted)
rElec  .         Spirit   .     (no cloak)
rCorr  .         Warding  .     (gloves unavailable)
rMut   .         NoTele   +     (boots unavailable)
MR     +....                    (no amulet)
Stlth  +++++++...               (no ring)
                                t - +3 ring of intelligence

@: very quick, somewhat resistant to hostile enchantments, extremely stealthy
A: unfitting armour, see invisible, herbivore 3, speed 3, low mp 1, slow
metabolism 2, spit poison 2
a: Spit Poison, Renounce Religion


You were in the Dungeon.
You worshipped Dithmenos.
Dithmenos was noncommittal.
You were not hungry.

You visited 1 branch You collected 1191 gold pieces.
You spent 1053 gold pieces at shops.

Inventory:

Hand weapons
 a - a +1 dagger (weapon)
Armour
 b - a +2 robe (worn)
Jewellery
 t - a +3 ring of intelligence (left hand)
Scrolls
 j - a scroll of blinking
 m - 4 scrolls of remove curse
 o - 2 scrolls of recharging
 u - a scroll of amnesia
Potions
 e - 4 potions of curing
 g - a potion of haste
 h - 5 potions of magic
 i - a potion of berserk rage
 l - 2 potions of agility {unknown}
 n - 3 potions of flight {unknown}
 r - 3 potions of brilliance {unknown}
 s - 3 potions of resistance {unknown}
 v - 2 potions of invisibility {unknown}
 x - a potion of cancellation
Books
 c - a book of Maledictions

   Spells                             Type                      Level
   a - Corona                         Hexes                        1
   b - Ensorcelled Hibernation        Hexes/Ice                    2
   c - Confuse                        Hexes                        3
   d - Tukima's Dance                 Hexes                        3
   e - Dazzling Spray                 Conjuration/Hexes            3
 f - a book of Burglary

   Spells                             Type                      Level
   a - Swiftness                      Charms/Air                   2
   b - Passwall                       Transmutation/Earth          3
   c - Passage of Golubria            Translocation                4
   d - Lee's Rapid Deconstruction     Earth                        5
   e - Darkness                       Hexes                        6
   f - Invisibility                   Hexes                        6
Comestibles
 d - 2 bread rations
 w - a fruit


   Skills:
 + Level 7.2 Short Blades
 * Level 13.2 Dodging
 * Level 14.6 Stealth
 * Level 11.4 Spellcasting
 + Level 4.4 Conjurations
 + Level 9.0 Hexes
 + Level 0.0 Translocations
 + Level 0.0 Transmutations
 + Level 4.9 Ice Magic
 + Level 0.0 Earth Magic
 + Level 0.0 Invocations


You couldn't memorise any spells.
You knew the following spells:

 Your Spells              Type           Power        Failure   Level  Hunger
a - Corona                Hex            #####..      1%          1    None
b - Ensorcelled Hibernat  Hex/Ice        #####.       1%          2    None
c - Confuse               Hex            #####...     1%          3    None
d - Tukima's Dance        Hex            #####...     1%          3    None
e - Dazzling Spray        Conj/Hex       #####...     1%          3    None
f - Passwall              Trmt/Erth      ##........   21%         3    None
g - Passage of Golubria   Tloc           N/A          67%         4    #......
h - Lee's Rapid Deconstr  Erth           ##........   99%         5    ####...
i - Darkness              Hex            #####.....   24%         6    ######.


Dungeon Overview and Level Annotations

Branches:
Dungeon (1/1)

Altars:
Cheibriados
Dithmenos
Elyvilon
Fedhas
Gozag
Kikubaaqudgha
Makhleb
Nemelex Xobeh
Okawaru
Qazlal
Ru
Sif Muna
Trog
Vehumet
Xom
Yredelemnul
Zin
The Shining One
Beogh
Jiyva
Lugonu

Shops:
D [=::?:[!([!*%*=}

Annotations:
D exclusion: oklob plant


Innate Abilities, Weirdness & Mutations

You are tiny and cannot use many weapons and most armour.
You have supernaturally acute eyesight.
You are a herbivore.
You cover ground extremely quickly.
You need consume almost no food.
Your magical capacity is low (-10% MP).
You can spit poison.


Message History

The tentacle is severely wounded.
The spray of energy hits the tentacle segment.
The tentacle segment is severely wounded.
The tentacle segment is dazzled.
The spray of energy hits the tentacle segment.
The tentacle segment is severely wounded.
The tentacle is no longer blind.
The tentacle slaps you.
Casting: Dazzling Spray
Confirm with . or Enter, or press ? or * to list all spells.
Aiming: Dazzling Spray
Press: ? - help, Shift-Dir - straight line, f/p - tentacle
Aim: a tentacle (almost dead)
The spray of energy hits the tentacle.
The tentacle is almost dead.
The tentacle is dazzled.
The spray of energy hits the tentacle segment.
You kill the tentacle segment!
The tentacle slaps you!!
Ouch! That really hurt!
You die...

+..§▓0..▓
#.§.▓▓▓▓▓▓▓▓▓▓
#.§.▓≈§≈≈≈§§≈▓▓
#[§▓▓▓▓▓▓▓▓▓▓▓
#)=▓(......[▓▓ #.
#[§▓.)[.[.((▓▓
+.##.#=)▓.).)...[▓▓
...####▓.).....(▓▓
#..##.#▓.[..[..@▓▓
+..#..#▓(..[).w.▓▓
#..#)(#▓.%..[*.)▓▓
##.^##.#▓..((.*..▓▓
###...##▓▓▓▓▓▓▓*▓▓▓▓+▓
..≈≈≈≈≈≈≈≈≈≈≈≈≈.**Xw≈▓
..≈#+########+###.w≈≈▓
..≈#........#§§§##≈≈≈▓
≈.≈#....⌠._.#§§§§ ###▓


You could see a kraken and 2 tentacles.

Vanquished Creatures
  A siren (D)
  A yaktaur (D)
  3 polar bears (D)
  2 boulder beetles (D)
  Menkaure (D)
  A wasp (D)
  4 brain worms (D)
  A crocodile (D)
  A scorpion (D)
  4 worker ants (D)
  A tentacle segment (D)
20 creatures vanquished.

Vanquished Creatures (others)
  13 tentacles (D)
  323 tentacle segments (D)
336 creatures vanquished.

Grand Total: 356 creatures vanquished

Notes
Turn   | Place    | Note
--------------------------------------------------------------
     0 | D        | Kidiri the Spriggan Enchanter began the quest for the Orb.
     0 | D        | Reached XP level 1. HP: 9/9 MP: 5/5
     1 | D        | Noticed a worker ant
     1 | D        | Noticed a worker ant
     4 | D        | Noticed a brain worm
    15 | D        | Killed a brain worm
    15 | D        | Reached skill level 6 in Dodging
    15 | D        | Reached skill level 7 in Stealth
    15 | D        | Reached skill level 5 in Spellcasting
    15 | D        | Reached XP level 2. HP: 10/13 MP: 5/9
    15 | D        | Reached XP level 3. HP: 12/16 MP: 5/10
    15 | D        | Reached XP level 4. HP: 15/21 MP: 6/12
    22 | D        | Learned a level 2 spell: Ensorcelled Hibernation
    26 | D        | Learned a level 3 spell: Confuse
    30 | D        | Learned a level 3 spell: Tukima's Dance
    34 | D        | Learned a level 3 spell: Dazzling Spray
    34 | D        | Noticed a brain worm
    38 | D        | Killed a brain worm
    38 | D        | Reached skill level 8 in Stealth
    38 | D        | Reached skill level 5 in Hexes
    38 | D        | Reached skill level 1 in Ice Magic
   175 | D        | Noticed a brain worm
   175 | D        | Noticed a brain worm
   177 | D        | Killed a brain worm
   177 | D        | Reached skill level 9 in Stealth
   177 | D        | Reached skill level 1 in Conjurations
   177 | D        | Reached XP level 5. HP: 24/24 MP: 13/15
   179 | D        | Killed a brain worm
   179 | D        | Reached skill level 10 in Stealth
   179 | D        | Reached XP level 6. HP: 28/28 MP: 11/17
   226 | D        | Killed a worker ant
   227 | D        | Noticed a worker ant
   227 | D        | Noticed a worker ant
   228 | D        | Killed a worker ant
   230 | D        | Killed a worker ant
   233 | D        | Killed a worker ant
   264 | D        | Noticed a boulder beetle
   264 | D        | Noticed a boulder beetle
   267 | D        | Noticed a siren
   275 | D        | Killed a boulder beetle
   275 | D        | Reached skill level 5 in Short Blades
   275 | D        | Reached skill level 10 in Dodging
   275 | D        | Reached skill level 11 in Stealth
   275 | D        | Reached XP level 7. HP: 32/32 MP: 17/20
   300 | D        | Killed a boulder beetle
   300 | D        | Reached skill level 12 in Stealth
   384 | D        | Killed a siren
   384 | D        | Reached skill level 10 in Spellcasting
   384 | D        | Reached XP level 8. HP: 36/36 MP: 23/23
   390 | D        | Noticed an ice statue
   407 | D        | Noticed a lava snake
   409 | D        | Noticed Menkaure
   410 | D        | Found Jidag's Jewellery Shoppe.
   410 | D        | Found Dokaprek's Gadget Emporium.
   411 | D        | Killed Menkaure
   411 | D        | Reached skill level 13 in Stealth
   413 | D        | Noticed a lava snake
   433 | D        | Found Fuor's General Store.
   434 | D        | Found Kish's General Store.
   435 | D        | Found Bodub's Antique Armour Shoppe.
   436 | D        | Noticed a scorpion
   440 | D        | Killed a scorpion
   445 | D        | Noticed a crocodile
   445 | D        | Found Viungu Puho's Antique Weapon Shoppe.
   445 | D        | Found Kelaikho's Food Emporium.
   448 | D        | Found Ygrilor's Distillery.
   448 | D        | Found Ymidexun's Distillery.
   449 | D        | Found Wicya's Antique Armour Shoppe.
   449 | D        | Found Ranakayt's Book Emporium.
   451 | D        | Killed a crocodile
   454 | D        | Noticed a polar bear
   455 | D        | Found Gimuy's Magic Scroll Shoppe.
   455 | D        | Found Zuesac's Book Emporium.
   455 | D        | Noticed a polar bear
   455 | D        | Noticed an oklob plant
   456 | D        | Found Jicuag's Jewellery Shoppe.
   456 | D        | Found Qoadoz's Antique Armour Emporium.
   456 | D        | Found Hyeraa's Book Shoppe.
   457 | D        | Noticed a griffon
   457 | D        | Noticed a griffon
   466 | D        | Noticed a spiny frog
   469 | D        | Noticed a griffon
   472 | D        | Noticed an electric eel
   473 | D        | Noticed a spiny frog
   513 | D        | Found a stormy altar of Qazlal.
   514 | D        | Found a basalt altar of Yredelemnul.
   515 | D        | Found a corrupted altar of Lugonu.
   515 | D        | Found a deep blue altar of Sif Muna.
   515 | D        | Found a sparkling altar of Nemelex Xobeh.
   515 | D        | Found a radiant altar of Vehumet.
   516 | D        | Found an opulent altar of Gozag.
   516 | D        | Found a shimmering altar of Xom.
   517 | D        | Found a snail-covered altar of Cheibriados.
   517 | D        | Found a blossoming altar of Fedhas.
   518 | D        | Found a burning altar of Makhleb.
   518 | D        | Found a shadowy altar of Dithmenos.
   519 | D        | Found a viscous altar of Jiyva.
   519 | D        | Found a white marble altar of Elyvilon.
   520 | D        | Noticed a yaktaur
   520 | D        | Noticed a wasp
   520 | D        | Noticed a polar bear
   521 | D        | Noticed a polar bear
   521 | D        | Noticed a polar bear
   522 | D        | Killed a polar bear
   524 | D        | Killed a wasp
   536 | D        | Killed a polar bear
   536 | D        | Reached skill level 14 in Stealth
   545 | D        | Killed a yaktaur
   545 | D        | Reached XP level 9. HP: 13/39 MP: 6/25
   554 | D        | Killed a polar bear
   646 | D        | Found an ancient bone altar of Kikubaaqudgha.
   682 | D        | Bought a book of Burglary for 975 gold pieces
   686 | D        | Learned a level 3 spell: Passwall
   691 | D        | Learned a level 4 spell: Passage of Golubria
   697 | D        | Learned a level 5 spell: Lee's Rapid Deconstruction
   704 | D        | Learned a level 6 spell: Darkness
   740 | D        | Found a glowing golden altar of the Shining One.
   740 | D        | Found a bloodstained altar of Trog.
   740 | D        | Found a glowing silver altar of Zin.
   741 | D        | Found a roughly hewn altar of Beogh.
   741 | D        | Found an iron altar of Okawaru.
   741 | D        | Found a sacrificial altar of Ru.
   752 | D        | Became a worshipper of Dithmenos the Shadowed
   772 | D        | Noticed a kraken
   773 | D        | Noticed a crocodile
   909 | D        | Noticed a crocodile
   955 | D        | Bought a scroll of identify for 26 gold pieces
   955 | D        | Bought a scroll of identify for 26 gold pieces
   955 | D        | Bought a scroll of identify for 26 gold pieces
   961 | D        | Gained mutation: You can spit weak poison. [potion of mutation]
   961 | D        | Gained mutation: You can spit poison. [potion of mutation]
   961 | D        | Gained mutation: Your magical capacity is low (-10% MP). [potion of mutation]
  1008 | D        | Noticed a crocodile
  1082 | D        | Slain by a tentacle

Vault maps used:
D:        the_violet_keep_of_menkaure

Action                   |  1- 3 |  4- 6 |  7- 9 || total
-------------------------+-------+-------+-------++-------
Melee: Dagger            |     6 |     9 |    31 ||    46
 Cast: Corona            |     1 |       |       ||     1
       Ensorcelled Hiber |       |     6 |    10 ||    16
       Dazzling Spray    |       |       |     7 ||     7
       Confuse           |       |       |     3 ||     3
  Use: Potion            |       |       |     2 ||     2
       Scroll            |       |       |     7 ||     7
 Stab: Sleeping          |     1 |     9 |     7 ||    17
       Invisible         |       |       |     3 ||     3
       Confused          |       |       |     3 ||     3
